 Dungeon Crawl Stone Soup version 0.23.0-3-gf3c87f2 (webtiles) character file.

Game seed: 9235105533874654169

151808 inmateoo the Scorcher (level 17, -1/106 HPs)
             Began as a Deep Elf Fire Elementalist on Feb 21, 2019.
             Was a High Priest of Vehumet.
             Slain by a deep elf knight
             ... wielding a +0 short sword
              (18 damage)
             ... on level 2 of the Swamp.
             The game lasted 01:10:16 (29663 turns).

inmateoo the Scorcher (Deep Elf Fire Elementalist) Turns: 29663, Time: 01:10:17

Health: -1/106     AC: 12    Str:  5    XL:     17   Next: 1%
Magic:  39/39      EV: 25    Int: 34    God:    Vehumet [*****.]
Gold:   406        SH:  0    Dex: 25    Spells: 4/49 levels left

rFire    + . .     SeeInvis .   n - +5 scimitar (flame)
rCold    x . .     Gourm    .   (no shield)
rNeg     . . .     Faith    .   s - +2 robe {Archmagi}
rPois    +         Spirit   .   P - +2 hat "Qiusig" {Int+3 Dex+4 Slay+2}
rElec    .         Reflect  .   N - +2 cloak {rPois}
rCorr    .         Harm     .   (no gloves)
MR       ++...                  k - +2 pair of boots
Stlth    ++++......             R - amulet "Upext" {rPois Regen+ Int+3 Dex+6}
HPRegen  0.67/turn              O - ring of fire
MPRegen  0.26/turn              j - ring of protection from magic

@: no status effects
A: no striking features
a: Renounce Religion


You were on level 2 of the Swamp.
You worshipped Vehumet.
Vehumet was extremely pleased with you.
You were not hungry.

You visited 5 branches of the dungeon, and saw 26 of its levels.
You also visited: Sewer and Bailey.

You collected 2997 gold pieces.
You spent 2591 gold pieces at shops.

Inventory:

Hand Weapons
 n - a +5 scimitar of flaming (weapon)
 q - the +3 dagger "Errogadgh" {flame, *Rage rC++ Int+6}
   (You found it on level 3 of the Lair of Beasts)

   It has been specially enchanted to burn those struck by it, causing extra
   injury to most foes and up to half again as much damage against particularly
   susceptible opponents.
   It affects your intelligence (+6).
   It greatly protects you from cold.
   It may make you go berserk in combat.
Armour
 k - a +2 pair of boots (worn)
 s - a +2 robe of the Archmagi (worn)
 E - a +1 hat of see invisible
 H - a +1 robe of magic resistance
 N - a +2 cloak of poison resistance (worn)
 P - the +2 hat "Qiusig" (worn) {Int+3 Dex+4 Slay+2}
   (You found it on level 10 of the Dungeon)

   It affects your intelligence (+3).
   It affects your dexterity (+4).
   It affects your accuracy and damage with ranged weapons and melee attacks
   (+2).
Magical Staves
 W - an uncursed staff of wizardry
Jewellery
 j - a ring of protection from magic (right hand)
 r - an uncursed ring of ice
 x - an uncursed ring of protection from fire
 F - an uncursed ring of positive energy
 O - a ring of fire (left hand)
 R - the amulet "Upext" (around neck) {rPois Regen+ Int+3 Dex+6}
   (You found it on level 6 of the Lair of Beasts)

   [amulet of regeneration]

   It affects your intelligence (+3).
   It affects your dexterity (+6).
   It protects you from poison.
   It increases your rate of regeneration.
 S - an uncursed ring of wizardry
Wands
 i - a wand of flame (62)
 o - a wand of iceblast (24)
 w - a wand of enslavement (17)
 K - a wand of paralysis (27)
 M - a wand of disintegration (37)
 X - a wand of digging (13)
 Y - a wand of random effects (33)
Scrolls
 a - a scroll of fear
 b - a scroll of enchant weapon
 e - 2 scrolls of amnesia
 g - 5 scrolls of blinking
 h - 6 scrolls of magic mapping
 t - 7 scrolls of teleportation
 I - 6 scrolls of remove curse
 Q - 3 scrolls of fog
 T - 2 scrolls of brand weapon
 U - a scroll of silence
 V - 2 scrolls of enchant armour
 Z - 2 scrolls of identify
Potions
 d - 4 potions of heal wounds
 f - 5 potions of magic
 l - 6 potions of mutation
 m - 7 potions of lignification
 p - 18 potions of curing
 u - 4 potions of haste
 v - 10 potions of might
 z - 3 potions of agility
 A - 2 potions of invisibility
 B - 4 potions of brilliance
 C - 2 potions of berserk rage
 D - a potion of cancellation
 G - a potion of ambrosia
 J - 8 potions of flight
Miscellaneous
 y - a phial of floods
Comestibles
 c - 43 rations


   Skills:
 - Level 12.0 Fighting
 + Level 12.4 Dodging
 - Level 6.6 Stealth
 + Level 16.8 Spellcasting
 + Level 10.0 Conjurations
 - Level 7.0 Summonings
 + Level 17.1 Fire Magic
 - Level 5.0 Evocations


You had 4 spell levels left.
You knew the following spells:

 Your Spells              Type           Power        Failure   Level  Hunger
a - Flame Tongue          Conj/Fire      #####        0%          1    None
b - Iron Shot             Conj/Erth      #######...   7%          6    None
c - Conjure Flame         Conj/Fire      ########     0%          3    None
d - Sticky Flame          Conj/Fire      ########     1%          4    None
e - Fireball              Conj/Fire      ########..   1%          5    None
f - Ignition              Fire           ########..   2%          8    #####..
g - Bolt of Fire          Conj/Fire      ########..   1%          6    None
h - Monstrous Menagerie   Summ           #######...   54%         7    ####...
i - Lightning Bolt        Conj/Air       #######...   1%          5    None

Your spell library contained the following spells:

 Spells                   Type           Power        Failure   Level  Hunger
 Orb of Destruction       Conj           #######...   5%          7    ####...
 Throw Flame              Conj/Fire      ######       0%          2    None
 Infusion                 Chrm           ####         1%          1    None
 Shock                    Conj/Air       ####         1%          1    None
 Sting                    Conj/Pois      ####         1%          1    None
 Poisonous Vapours        Pois/Air       #####.       1%          2    None
 Shroud of Golubria       Chrm/Tloc      #####.....   1%          2    None
 Song of Slaying          Chrm           #####...     1%          2    None
 Inner Flame              Hex/Fire       ########     1%          3    None
 Mephitic Cloud           Conj/Pois/Air  ######..     1%          3    None
 Recall                   Summ/Tloc      N/A          1%          3    None
 Static Discharge         Conj/Air       #######.     1%          3    None
 Iskenderun's Mystic Bla  Conj           #######.     1%          4    None
 Olgreb's Toxic Radiance  Pois           #####...     3%          4    None
 Regeneration             Chrm/Necr      #####.....   4%          3    None
 Spectral Weapon          Hex/Chrm       #####...     4%          3    None
 Animate Dead             Necr           N/A          13%         4    None
 Irradiate                Conj/Tmut      #######...   1%          5    None
 Venom Bolt               Conj/Pois      #######...   1%          5    None
 Borgnjor's Vile Clutch   Necr/Erth      #####.....   36%         5    None
 Summon Greater Demon     Summ           #######...   54%         7    ####...
 Death Channel            Necr           #####.....   90%         6    None
 Simulacrum               Ice/Necr       #####.....   90%         6    None
 Malign Gateway           Summ/Tloc      ######....   95%         7    ####...
 Summon Horrible Things   Summ           #######...   99%         8    #####..
 Shatter                  Erth           #####.....   100%        9    #######
 Tornado                  Air            #####.....   100%        9    #######


Dungeon Overview and Level Annotations

Branches:
Dungeon (15/15)            Temple (1/1) D:7            Lair (6/6) D:11
  Swamp (2/4) Lair:4        Snake (0/4) Lair:3        Slime (0/5) Lair:5
    Orc (2/2) D:12            Elf (0/3) Orc:2        Vaults (0/5) D:13
 Depths (0/5) D:15

Altars:
Ashenzari
Cheibriados
Dithmenos
Elyvilon
Fedhas
Gozag
Hepliaklqana
Kikubaaqudgha
Makhleb
Nemelex Xobeh
Okawaru
Qazlal
Ru
Sif Muna
Trog
Uskayaw
Vehumet
Wu Jian
Xom
Yredelemnul
Zin
The Shining One
Beogh

Shops:
D:13 (   D:15 ?(*   Orc:1 (   Orc:2 }:(


Message History

A spriggan rider comes into view. It is wielding a +0 spear.
The spriggan rider shouts!
A spriggan rider comes into view. It is wielding a +0 spear.
The spriggan rider shouts!
A spriggan druid comes into view.
It is wielding a +2 quarterstaff of speed.
The spriggan druid shouts!
A spriggan berserker comes into view. It is wielding a +0 broad axe.
The spriggan berserker shouts!
A deep elf knight comes into view. It is wielding a +0 short sword.
The deep elf knight shouts!
A spriggan druid comes into view. It is wielding a -3 quarterstaff.
The spriggan druid shouts!
The deep elf knight hits you but does no damage.
The spriggan berserker invokes Trog's protection!
The spriggan rider hits you from afar with a +0 spear.
* * * LOW HITPOINT WARNING * * *
The spriggan rider completely misses you.
The spriggan druid hits you but does no damage.
The deep elf knight hits you with a +0 short sword!!
You die...

♣♣♣ ♣♣♣≈≈♣♣♣♣
♣♣♣≈≈i≈≈≈≈♣♣
♣♣≈≈≈e.i≈≈≈≈≈
♣....@i....≈≈
♣#'#...i..♣♣.
#.....♣♣
#.i#### ≈
##.' ♣♣♣♣♣ .
#.# ♣♣.≈≈♣
♣♣♣♣♣ '.#
♣.≈≈.♣♣♣(≈.♣
#♣♣
♣♣≈≈♣♣♣≈.♣♣.
♣♣≈≈♣♣♣...♣♣


You could see 2 spriggan riders, a spriggan berserker, a deep elf knight and 2
spriggan druids.

Vanquished Creatures
  A thorn hunter (Swamp:2)
  An orc warlord (Orc:2)
  Azrael (D:14)
  2 fire dragons
  9 hydras
  An ice dragon (Lair:6)
  4 vault guards (D:13)
  A catoblepas (Lair:6)
  6 centaur warriors
  2 ghost crabs
  2 two-headed ogres
  6 alligators
  Erica (Orc:1)
  2 tengu warriors
  An ogre mage (D:14)
  4 orc high priests
  Urug (Lair:5)
  2 skeletal warriors (D:15)
  A fire crab (Lair:4)
  3 swamp dragons
  A wizard (D:14)
  A phantasmal warrior (D:15)
  A necromancer (D:15)
  A lindwurm (Lair:6)
  8 orc knights
  A tengu zombie (D:15)
  A wolf spider zombie (D:12)
  10 orc sorcerers
  4 oklob plants
  2 deep elf magi (D:14)
  12 ugly things
  4 cyclopes
  4 manticores
  A centaur zombie (D:15)
  Maurice (D:10)
  9 elephants
  6 black mambas
  2 gargoyles
  5 torpor snails (Lair:6)
  7 rime drakes
  13 spiny frogs
  5 komodo dragons
  A tengu conjurer (D:15)
  A spriggan skeleton (D:15)
  A jumping spider (shapeshifter) (D:15)
  10 trolls
  9 hornets
  A harpy zombie (D:14)
  4 polar bears
  3 meliai (D:13)
  9 tyrant leeches
  A polar bear (shapeshifter) (D:15)
  3 blink frogs (Lair:2)
  13 hippogriffs
  2 bog bodies (Swamp:1)
  10 slime creatures
  4 shadows
  A wraith (D:14)
  A spriggan (shapeshifter) (D:13)
  An elf zombie (D:15)
  23 yaks
  4 wyverns
  An ice dragon skeleton (D:15)
  4 basilisks
  2 fire elementals (D:14)
  A hungry ghost (D:10)
  A steam dragon (Lair:6)
  13 vampire mosquitoes
  2 wargs (Orc:2)
  3 nagas (Lair:3)
  7 swamp worms
  3 insubstantial wisps
  3 acid dragons
  9 water moccasins
  3 soldier ants
  Edmund (D:6)
  6 porcupines
  5 hell hounds (D:14)
  An eye of draining (shapeshifter) (D:15)
  Purgy (Sewer)
  43 orc warriors
  2 sky beasts
  A hornet zombie (D:5)
  A phantom (D:13)
  4 black bears
  6 ice beasts
  8 swamp drakes
  3 eyes of draining
  11 wolves
  5 centaurs
  13 ogres
  14 crocodiles
  4 big kobolds
  15 bullfrogs
  5 gnoll sergeants (D:12)
  A wyvern zombie (D:5)
  5 scorpions
  3 wyvern skeletons
  15 killer bees
  8 jellies
  17 wights
  5 howler monkeys
  7 electric eels
  A bullfrog zombie (D:10)
  6 crimson imps
  10 hounds
  4 bullfrog skeletons
  21 orc priests
  4 centaur skeletons
  8 iguanas
  Natasha (thrice) (D:2)
  39 orc wizards
  8 worker ants
  A bullfrog simulacrum (D:8)
  A hound skeleton (D:9)
  A worker ant zombie (D:9)
  15 adders
  21 gnolls
  2 river rats (D:5)
  5 shadow imps
  An ufetubus (D:8)
  6 oozes
  2 adder skeletons
  An adder zombie (D:9)
  A worm (D:6)
  An adder simulacrum (D:8)
  2 dart slugs
  6 leopard geckos
  105 orcs
  A ball python (D:3)
  6 giant cockroaches
  12 goblins
  13 hobgoblins
  6 jackals
  29 kobolds
  5 quokkas
  6 bats
  7 frilled lizards
  A jackal skeleton (D:8)
  9 rats
  A fungus (Lair:5)
  5 plants
890 creatures vanquished.

Vanquished Creatures (others)
  6 fungi
  20 plants
26 creatures vanquished.

Grand Total: 916 creatures vanquished

Notes
Turn   | Place    | Note
-------+----------+-------------------------------------------
     0 | D:1      | inmateoo the Deep Elf Fire Elementalist began the quest for
                  | the Orb.
     0 | D:1      | Reached XP level 1. HP: 10/10 MP: 6/6
   315 | D:1      | Reached skill level 4 in Fire Magic
   315 | D:1      | Reached XP level 2. HP: 9/15 MP: 5/8
   985 | D:2      | Noticed Natasha
   991 | D:2      | Killed Natasha
   991 | D:2      | Reached skill level 5 in Fire Magic
   991 | D:2      | Reached XP level 3. HP: 9/19 MP: 3/9
  1010 | D:2      | Learned a level 2 spell: Throw Flame
  1014 | D:2      | Learned a level 3 spell: Conjure Flame
  1213 | D:2      | Found a stormy altar of Qazlal.
  1214 | D:2      | Noticed an air elemental
  1219 | D:2      | Reached XP level 4. HP: 19/24 MP: 4/10
  1220 | D:2      | Noticed a water elemental
  1280 | D:2      | Noticed a fire elemental
  1280 | D:2      | Noticed an earth elemental
  1452 | D:2      | Reached skill level 6 in Fire Magic
  1726 | D:2      | Noticed an ice beast
  1732 | D:2      | Reached XP level 5. HP: 28/28 MP: 7/11
  1810 | D:2      | Killed an ice beast
  1810 | D:2      | Reached skill level 7 in Fire Magic
  2016 | D:2      | Noticed Natasha
  2029 | D:2      | Killed Natasha
  2129 | D:2      | Noticed Natasha
  2134 | D:2      | Killed Natasha
  2134 | D:2      | Reached XP level 6. HP: 32/32 MP: 7/12
  3128 | D:4      | Found a sparkling altar of Nemelex Xobeh.
  3128 | D:4      | Found an ornate altar of the Wu Jian Council.
  3322 | D:4      | Noticed a hippogriff
  3339 | D:4      | Killed a hippogriff
  3339 | D:4      | Reached skill level 8 in Fire Magic
  3339 | D:4      | Reached XP level 7. HP: 36/36 MP: 0/15
  3580 | D:4      | Found an ancient bone altar of Kikubaaqudgha.
  3816 | D:5      | Entered Level 5 of the Dungeon
  3861 | D:5      | Found a glowing drain.
  3871 | D:5      | Reached skill level 5 in Spellcasting
  3973 | D:5      | Learned a level 4 spell: Sticky Flame
  3987 | Sewer    | Entered a sewer
  4209 | Sewer    | Noticed Purgy
  4217 | Sewer    | Killed Purgy
  4502 | D:5      | Reached skill level 1 in Fighting
  4577 | D:5      | Reached XP level 8. HP: 37/43 MP: 19/19
  4578 | D:5      | Found an iron altar of Okawaru.
  4602 | D:5      | Reached skill level 5 in Conjurations
  4959 | D:6      | Learned a level 5 spell: Fireball
  4971 | D:6      | Found a burning altar of Makhleb.
  4981 | D:6      | Found an opulent altar of Gozag.
  5044 | D:6      | Found a shimmering altar of Xom.
  5049 | D:6      | Found a basalt altar of Yredelemnul.
  5052 | D:6      | Found a snail-covered altar of Cheibriados.
  5064 | D:6      | Found a hide-covered altar of Uskayaw.
  5428 | D:6      | Noticed Edmund
  5597 | D:6      | Killed Edmund
  5935 | D:7      | Found a staircase to the Ecumenical Temple.
  5955 | D:7      | Reached skill level 5 in Fighting
  5963 | D:7      | Reached skill level 5 in Stealth
  5969 | Temple   | Entered the Ecumenical Temple
  6007 | Temple   | Became a worshipper of Vehumet
  6063 | D:7      | Reached XP level 9. HP: 38/54 MP: 20/20
  6925 | D:7      | Got a smoking ring mail
  6936 | D:7      | Identified the +4 ring mail of the Distant Future {*Drain
                  | rF++ Str-5 Dex+8} (You found it on level 7 of the Dungeon)
  6936 | D:7      | Lost strength.
  7534 | D:8      | Reached * piety under Vehumet
  7534 | D:8      | Offered knowledge of Freeze by Vehumet.
  7706 | D:8      | Noticed a death yak
  8151 | D:8      | Noticed a polar bear
  8159 | D:8      | Killed a polar bear
  8159 | D:8      | Reached skill level 9 in Fire Magic
  8175 | D:8      | Reached XP level 10. HP: 33/60 MP: 0/23
  8317 | D:8      | Identified a scroll of acquirement
  8547 | D:8      | Reached skill level 5 in Dodging
  8874 | D:8      | Found a hazy altar of Hepliaklqana.
  9260 | D:9      | Reached ** piety under Vehumet
  9274 | D:9      | Offered knowledge of Throw Frost by Vehumet.
  9477 | D:9      | Found a sacrificial altar of Ru.
  9589 | D:9      | Offered knowledge of Static Discharge by Vehumet.
 10078 | D:10     | Entered Level 10 of the Dungeon
 10083 | D:10     | Reached *** piety under Vehumet
 10084 | D:10     | Noticed a two-headed ogre
 10236 | D:10     | Killed a two-headed ogre
 10236 | D:10     | Reached skill level 10 in Fire Magic
 10545 | D:10     | Offered knowledge of Force Lance by Vehumet.
 10546 | D:10     | Reached XP level 11. HP: 56/66 MP: 7/26
 10583 | D:10     | Noticed Maurice
 10593 | D:10     | Killed Maurice
 10666 | D:10     | Got an ichor-stained hat
 10677 | D:10     | Identified the +2 hat "Qiusig" {Int+3 Dex+4 Slay+2} (You
                  | found it on level 10 of the Dungeon)
 11143 | D:10     | Reached **** piety under Vehumet
 11210 | D:11     | Found a flagged portal.
 11223 | D:11     | Offered knowledge of Irradiate by Vehumet.
 11286 | Bailey   | Entered a bailey
 11514 | Bailey   | Reached skill level 10 in Spellcasting
 11551 | Bailey   | Reached skill level 11 in Fire Magic
 11551 | Bailey   | Reached XP level 12. HP: 76/76 MP: 18/28
 11715 | D:11     | Reached ***** piety under Vehumet
 11715 | D:11     | Offered knowledge of Airstrike by Vehumet.
 11807 | D:11     | Reached skill level 12 in Fire Magic
 11903 | D:11     | Found a staircase to the Lair.
 12381 | D:12     | Noticed a two-headed ogre
 12547 | D:12     | Reached skill level 13 in Fire Magic
 12704 | D:12     | Killed a two-headed ogre
 13369 | D:12     | Reached skill level 14 in Fire Magic
 13507 | D:12     | Reached skill level 1 in Evocations
 13555 | D:12     | Found a staircase to the Orcish Mines.
 13731 | D:13     | Noticed a tengu warrior
 13748 | D:13     | Killed a tengu warrior
 13879 | D:13     | Offered knowledge of Yara's Violent Unravelling by Vehumet.
 13960 | D:13     | Reached XP level 13. HP: 53/80 MP: 27/29
 14092 | D:13     | Found a gate to the Vaults.
 14813 | D:13     | Found Vilut's Weapon Emporium.
 15111 | D:13     | Learned a level 8 spell: Ignition
 15703 | D:14     | Reached skill level 10 in Fighting
 15872 | Lair:1   | Entered Level 1 of the Lair of Beasts
 16331 | Lair:1   | Found a glowing golden altar of the Shining One.
 16923 | Lair:2   | Reached skill level 5 in Evocations
 17589 | Lair:3   | Got an ivory dagger
 17590 | Lair:3   | Identified the +3 dagger "Errogadgh" {flame, *Rage rC++
                  | Int+6} (You found it on level 3 of the Lair of Beasts)
 17604 | Lair:3   | Offered knowledge of Bolt of Fire by Vehumet.
 17612 | Lair:3   | Learned a level 6 spell: Bolt of Fire
 17821 | Lair:3   | Found a staircase to the Snake Pit.
 17880 | Lair:3   | Reached XP level 14. HP: 88/88 MP: 23/33
 18174 | Lair:3   | Reached skill level 15 in Fire Magic
 18720 | Lair:4   | Found a staircase to the Swamp.
 18902 | Lair:4   | Reached skill level 10 in Dodging
 19122 | Lair:4   | Got an ancient granite ring
 19131 | Lair:4   | Identified the ring of Wuppuek {+Inv +Fly rF- Int+2 Dex+2}
                  | (You found it on level 4 of the Lair of Beasts)
 19730 | Lair:5   | Noticed Urug
 19758 | Lair:5   | Killed Urug
 19847 | Lair:5   | Reached skill level 15 in Spellcasting
 20291 | Lair:5   | Found a staircase to the Slime Pits.
 20517 | Lair:5   | Identified the Reference Book on Attacks
 20532 | Lair:5   | Learned a level 7 spell: Monstrous Menagerie
 20723 | Lair:6   | Entered Level 6 of the Lair of Beasts
 20728 | Lair:6   | Reached skill level 1 in Summonings
 20752 | Lair:6   | Reached XP level 15. HP: 94/94 MP: 21/36
 22139 | Lair:6   | Reached skill level 16 in Fire Magic
 22339 | Lair:6   | Learned a level 5 spell: Lightning Bolt
 22634 | Lair:6   | Found a runed translucent door.
 22836 | Lair:6   | Offered knowledge of Conjure Ball Lightning by Vehumet.
 23481 | Lair:6   | Identified the amulet "Upext" {rPois Regen+ Int+3 Dex+6}
                  | (You found it on level 6 of the Lair of Beasts)
 23718 | Orc:1    | Entered Level 1 of the Orcish Mines
 23910 | Orc:1    | Found a roughly hewn altar of Beogh.
 23911 | Orc:1    | Found Ossebus's Weapon Emporium.
 24338 | Orc:2    | Entered Level 2 of the Orcish Mines
 24338 | Orc:2    | Found a staircase to the Elven Halls.
 24779 | Orc:2    | Reached XP level 16. HP: 100/100 MP: 25/37
 24782 | Orc:2    | Offered knowledge of Iron Shot by Vehumet.
 24790 | Orc:2    | Learned a level 6 spell: Iron Shot
 24915 | Orc:2    | Found a roughly hewn altar of Beogh.
 24980 | Orc:2    | Found Roxoat's Distillery.
 24984 | Orc:2    | Found Raylying's Antique Weapon Boutique.
 25006 | Orc:2    | Reached skill level 5 in Summonings
 25149 | Orc:2    | Found Nega's Book Boutique.
 25169 | Orc:2    | Found Rometas's Gadget Emporium.
 25582 | Orc:1    | Noticed Erica
 25584 | Orc:1    | Killed Erica
 25720 | Orc:2    | Bought a potion of curing for 54 gold pieces
 25720 | Orc:2    | Bought a potion of curing for 54 gold pieces
 25720 | Orc:2    | Bought a potion of flight for 54 gold pieces
 25720 | Orc:2    | Bought a potion of agility for 72 gold pieces
 25720 | Orc:2    | Bought a potion of berserk rage for 90 gold pieces
 25720 | Orc:2    | Bought a potion of flight for 54 gold pieces
 25720 | Orc:2    | Bought a potion of magic for 144 gold pieces
 25720 | Orc:2    | Bought a potion of curing for 54 gold pieces
 25720 | Orc:2    | Bought a potion of curing for 54 gold pieces
 25730 | Orc:2    | Bought a book of Battle for 720 gold pieces
 25730 | Orc:2    | Bought a book of Unlife for 1170 gold pieces
 25735 | Orc:2    | Identified the +0 cloak of the Abyss {rN+} (You acquired it
                  | on level 2 of the Orcish Mines)
 26018 | D:14     | Noticed Azrael
 26026 | D:14     | Killed Azrael
 26739 | D:15     | Entered Level 15 of the Dungeon
 26976 | D:15     | Found a staircase to the Depths.
 26982 | D:15     | Offered knowledge of Orb of Destruction by Vehumet.
 27071 | D:15     | Found Muemm's Magic Scroll Shoppe.
 27397 | D:15     | Found a blossoming altar of Fedhas.
 27401 | D:15     | Found Edawael's Antique Weapon Shop.
 27430 | D:15     | Found Voafutir's General Store.
 27433 | D:15     | Bought a scroll of identify for 26 gold pieces
 27433 | D:15     | Bought a scroll of magic mapping for 45 gold pieces
 27740 | Swamp:1  | Entered Level 1 of the Swamp
 28652 | Swamp:2  | Noticed a thorn hunter
 28657 | Swamp:2  | Killed a thorn hunter
 28817 | Swamp:2  | Reached skill level 17 in Fire Magic
 29202 | Swamp:2  | Reached XP level 17. HP: 52/106 MP: 35/39
 29651 | Swamp:2  | Reached skill level 10 in Conjurations
 29663 | Swamp:2  | Slain by a deep elf knight

Skill      XL: |  1  2  3  4  5  6  7  8  9 10 11 12 13 14 15 16 17 |
---------------+----------------------------------------------------+-----
Fire Magic     | 4 5 6 7 8 9 10 11 14 15 16 17 | 17.1
Spellcasting   | 4 6 7 9 10 13 15 16 | 16.8
Conjurations   | 2 4 5 6 7 8 9 10 | 10.0
Fighting       | 1 5 6 9 10 11 12 | 12.0
Stealth        | 5 6 |  6.6
Dodging        | 4 6 7 9 10 12 | 12.4
Evocations     | 2 5 |  5.0
Summonings     | 1 4 7 |  7.0

Action                   |  1- 3 |  4- 6 |  7- 9 | 10-12 | 13-15 | 16-18 || total
-------------------------+-------+-------+-------+-------+-------+-------++-------
Melee: Rapier            |       |    46 |   100 |   145 |       |       ||   291
       Spear             |       |       |       |    90 |   116 |       ||   206
       Dagger            |       |       |       |       |   114 |   137 ||   251
       Scimitar          |       |       |       |       |    12 |    26 ||    38
       Staff             |       |       |       |       |     2 |       ||     2
 Cast: Flame Tongue      |    56 |    96 |   235 |   330 |   340 |   135 ||  1192
       Conjure Flame     |       |     2 |    12 |    22 |    22 |     3 ||    61
       Sticky Flame      |       |       |    15 |    40 |    84 |    37 ||   176
       Fireball          |       |       |     7 |    42 |    90 |    34 ||   173
       Throw Flame       |       |       |     1 |     5 |     2 |       ||     8
       Ignition          |       |       |       |       |    14 |    31 ||    45
       Bolt of Fire      |       |       |       |       |    11 |       ||    11
       Lightning Bolt    |       |       |       |       |     6 |     9 ||    15
       Iron Shot         |       |       |       |       |       |     3 ||     3
Evoke: Wand              |       |       |       |     3 |     7 |       ||    10
       Phial of floods   |       |       |       |     1 |     1 |       ||     2
  Use: Scroll            |       |       |    20 |    10 |    10 |     6 ||    46
       Potion            |       |       |     1 |     1 |     1 |       ||     3
 Stab: Sleeping          |       |     3 |     5 |     6 |     9 |     7 ||    30
       Paralysed         |       |       |       |     3 |     6 |       ||     9
       Distracted        |       |       |       |       |       |     1 ||     1
  Eat: Chunk             |     1 |     6 |    19 |    26 |    26 |    16 ||    94
       Ration            |       |       |       |       |     4 |     2 ||     6
Armor: Robe              |     8 |    15 |    35 |    84 |    78 |    58 ||   278
Dodge: Dodged            |    16 |    43 |   145 |   272 |   358 |   327 ||  1161
       Rpst.: Scimitar   |       |       |       |       |       |    12 ||    12
